 Dungeon Crawl Stone Soup version 0.28-a0-528-g4b98be1b05 (webtiles) character file.

Game seed: 16972223413452332816

137 Mrsk the Ruffian (level 5, -1/50 HPs)
             Began as a Troll Fighter on Sept 24, 2021.
             Was a Follower of Uskayaw.
             Slain by Grinder (6 damage)
             ... on level 4 of the Dungeon.
             The game lasted 00:08:13 (2422 turns).

Mrsk the Ruffian (Troll Fighter)                    Turns: 2422, Time: 00:08:14

Health: -1/50      AC:  4    Str: 25    XL:     5   Next: 0%
Magic:  4/4        EV:  8    Int:  4    God:    Uskayaw [*.....]
Gold:   195        SH:  7    Dex:  9    Spells: 4/4 levels left

rFire   . . .      SeeInvis .     - Unarmed
rCold   . . .      Faith    .   b - +0 kite shield
rNeg    . . .      Spirit   .   a - +0 robe
rPois   .          Reflect  .   (helmet restricted)
rElec   .          Harm     .   (no cloak)
rCorr   .          Rampage  .   (gloves unavailable)
Will    .....                   (boots unavailable)
Stlth   +.........              (no amulet)
HPRegen 1.16/turn               d - ring of flight
MPRegen 0.09/turn               (no ring)

@: flying
A: large, unfitting armour, claws 3, regeneration 1, shaggy fur 1, tough skin 1
a: Renounce Religion, Stomp


You were on level 4 of the Dungeon.
You worshipped Uskayaw.
Uskayaw was noncommittal.
You visited 2 branches of the dungeon, and saw 5 of its levels.

You collected 195 gold pieces.

Inventory:

Hand Weapons
 r - a +0 battleaxe
Missiles
 e - 40 arrows
 f - 23 bolts
 i - 166 stones (quivered)
 l - 2 boomerangs
 o - 40 sling bullets
Armour
 a - a +0 robe (worn)
 b - a +0 kite shield (worn)
Magical Staves
 p - a staff of conjuration
Jewellery
 d - a ring of flight (left claw)
Wands
 k - a wand of polymorph (5)
 n - a wand of flame (23)
Scrolls
 g - a scroll of fog {unknown}
 h - a scroll of fear {unknown}
 j - 4 scrolls of identify {unknown}
 m - 2 scrolls of brand weapon {unknown}
 q - a scroll of holy word {unknown}
Potions
 c - a potion of might
 s - a potion of curing {unknown}


   Skills:
 - Level 2.4 Fighting
 - Level 2.4 Dodging
 + Level 0.2 Stealth
 + Level 3.2 Shields
 * Level 4.4 Unarmed Combat


You had 4 spell levels left.
You didn't know any spells.
Your spell library contained the following spells:

 Spells                   Type           Power      Damage    Failure   Level
 Blink                    Tloc           N/A        N/A       96%         2
 Lesser Beckoning         Tloc           0%         N/A       99%         3
 Manifold Assault         Tloc           0%         N/A       100%        5


Dungeon Overview and Level Annotations

Branches:
Dungeon (4/15)             Temple (1/1) D:4

Altars:
Ashenzari
Dithmenos
Elyvilon
Fedhas
Kikubaaqudgha
Okawaru
Qazlal
Sif Muna
Trog
Uskayaw
Wu Jian
Xom
Yredelemnul
The Shining One

Shops:
D:2 =

Annotations:
D:4 Grinder


Innate Abilities, Weirdness & Mutations

You are too large for most types of armour.
You have claws for hands.
Your natural rate of healing is unusually fast.
You are covered in fur. (AC +1)
You have tough skin. (AC +1)


Message History

There is a stone staircase leading down here.
You claw the hobgoblin!
You kill the hobgoblin!
You have reached level 5!
You fly downwards.
Level annotation: Grinder Grinder zaps a wand.
The puff of flame hits you!
There is a stone staircase leading up here.
You closely miss Grinder. You block Grinder's attack.
You closely miss Grinder. Grinder barely misses you.
You claw Grinder!
Grinder is moderately wounded.
Grinder gestures at you. You resist with significant effort.
You scratch Grinder but do no damage.
Grinder is moderately wounded.
Grinder gestures at you.
You suddenly lose the ability to move!
Grinder hits you.
Grinder zaps a wand.
The puff of flame hits you! Grinder hits you! Grinder gestures at you.
Pain shoots through your body! Grinder hits you.
You writhe in agony.
* * * LOW HITPOINT WARNING * * *
Grinder gestures at you.
You barely resist.
You can move again.
You completely miss Grinder.
Grinder is moderately wounded.
Grinder hits you.
* * * LOW HITPOINT WARNING * * *
You writhe in agony.
* * * LOW HITPOINT WARNING * * *
You scratch Grinder.
Grinder is heavily wounded.
Grinder hits you!
* * * LOW HITPOINT WARNING * * *
You writhe in agony.
You die...

### ### # #.. ..# #. #.#
#.#####.###### #.#
#.#..........#
#######.###.#...........
.........##.###........#
.......@........# #.#
.......5..#.###.####.###
#######....<............
#...>..............
#..#.#...#.......##
#..#.#...........#
########..#.............#
#...5...................#
#.........$.............#


You could see Grinder.

Vanquished Creatures
  An orc priest (D:3)
  2 adders
  An adder skeleton (D:4)
  2 worms
  4 dart slugs
  7 orcs
  5 ball pythons
  2 bats
  7 endoplasms
  2 giant cockroaches
  5 goblins
  6 hobgoblins
  2 frilled lizards
  8 kobolds
  7 rats
61 creatures vanquished.

Vanquished Creatures (others)
  8 fungi
  3 plants (D:1)
  4 toadstools (D:2)
15 creatures vanquished.

Grand Total: 76 creatures vanquished

Notes
Turn   | Place    | Note
-------+----------+-------------------------------------------
     0 | D:1      | Mrsk the Troll Fighter began the quest for the Orb.
     0 | D:1      | Reached XP level 1. HP: 22/22 MP: 0/0
   222 | D:1      | Reached XP level 2. HP: 29/29 MP: 1/1
   430 | D:1      | Found a faded altar of an unknown god.
   773 | D:2      | Found Xaprit's Jewellery Emporium.
   839 | D:2      | Reached XP level 3. HP: 36/36 MP: 2/2
   899 | D:2      | Reached skill level 3 in Unarmed Combat
  1542 | D:3      | Reached XP level 4. HP: 39/44 MP: 3/3
  1583 | D:3      | Reached skill level 4 in Unarmed Combat
  2061 | D:4      | Found a staircase to the Ecumenical Temple.
  2069 | Temple   | Entered the Ecumenical Temple
  2140 | Temple   | Became a worshipper of Uskayaw the Reveller
  2158 | D:4      | Reached * piety under Uskayaw
  2395 | D:4      | Noticed Grinder
  2397 | D:4      | Paralysed by Grinder for 3 turns
  2409 | D:3      | Reached XP level 5. HP: 50/50 MP: 4/4
  2414 | D:4      | Paralysed by Grinder for 7 turns
  2422 | D:4      | Slain by Grinder

Illustrated notes

Levels and vault maps discovered:
D:1:      dpeg_arrival_round_b, layout_loops_cross,
          dreamdust_ecumenical_altar_grove, minmay_misc_feat_nine_boxes
D:2:      layout_basic, serial_shops, shop, minmay_gold_behind_fungi,
          guppyfry_early_orc_mine
D:3:      layout_loops_ring, minmay_misc_feat_encased,
          kennysheep_generic_room_13
D:4:      layout_basic, minmay_temple_entry_purple_smoke,
          minmay_fractal_squares_5, uniq_grinder
Temple:   eino_temple_rhombus

Skill      XL: |  1  2  3  4 |
---------------+-------------+-----
Shields        | 3 |  3.2
Unarmed Combat | 3 4 |  4.4
Fighting       | |  2.4
Dodging        | |  2.4
Stealth        | |  0.2

Action                   |  1- 3 |  4- 6 || total
-------------------------+-------+-------++-------
Melee: Unarmed           |   102 |    56 ||   158
Armor: Robe              |    23 |    11 ||    34
Dodge: Dodged            |    30 |    11 ||    41
Block: Kite shield       |    21 |    12 ||    33

Table legend: (Time is in decaauts)
 A = Elapsed time spent in this place.
 B = Non-inter-level travel time spent in this place.
 C = Inter-level travel time spent in this place.
 D = Time resting spent in this place.
 E = Time spent auto-exploring this place.
 F = Levels seen in this place.
 G = Mean time per level.
                   A        B        C        D        E       F      G
               +--------+--------+--------+--------+--------+-----+--------+
         Total |   2442 |   2327 |    115 |    102 |   1623 |   5 |  488.4 |
       Dungeon |   2360 |   2254 |    106 |    102 |   1568 |   4 |  590.0 |
        Temple |     81 |     72 |      9 |      0 |     55 |   1 |   81.0 |
               +--------+--------+--------+--------+--------+-----+--------+

Top non-repeatable levels by time:
     D:1: 731 daAuts
     D:2: 693 daAuts
     D:3: 590 daAuts
     D:4: 345 daAuts
  Temple: 81 daAuts
